 Seeded DCSS version 0.29-a0-563-g64e4043184 (webtiles) character file.

Game seed: 8572682691686822440 (custom seed)

2464 happo123 the Covert (level 9, 46/51 HPs)
             Began as a Vampire Enchanter on June 11, 2022.
             Was a Follower of Wu Jian.
             Quit the game on level 7 of the Dungeon.
             The game lasted 00:23:49 (6689 turns).

happo123 the Covert (Vampire Enchanter)             Turns: 6689, Time: 00:23:50

Health: 46/51      AC:  8    Str:  7    XL:     9   Next: 26%
Magic:  9/15       EV: 14    Int: 22    God:    Wu Jian [*.....]
Gold:   417        SH:  0    Dex: 14    Spells: 5/16 levels left

rFire   . . .      SeeInvis +   a - +1 dagger
rCold   + + .      Faith    .   f - orb {guile}
rNeg    + + +      Spirit   .   b - +0 robe
rPois   ∞          Reflect  .   o - +1 helmet
rElec   .          Harm     .   (no cloak)
rCorr   .          Rampage  .   y - +2 pair of gloves
Will    .....                   e - +0 pair of boots
Stlth   ++++++....              (no amulet)
HPRegen 0.00/turn               (no ring)
MPRegen 0.14/turn               (no ring)

@: confusing by touch, freezing walls, bloodless, inhibited regen
A: bloodless, fangs 3, see invisible, vampiric 2
a: Bat Form, Revivify, Renounce Religion


You were on level 7 of the Dungeon.
You worshipped Wu Jian.
Wu Jian was aware of your devotion.
You visited 2 branches of the dungeon, and saw 8 of its levels.

You collected 417 gold pieces.

Inventory:

Hand Weapons
 a - a +1 dagger (weapon)
Missiles
 D - a throwing net
Armour
 b - a +0 robe (worn)
 e - a +0 pair of boots (worn)
 f - an orb of guile (worn)
 o - a +1 helmet (worn)
 y - a +2 pair of gloves (worn)
Magical Staves
 x - a staff of fire
Jewellery
 i - an amulet of regeneration
Wands
 t - a wand of polymorph (15)
 F - a wand of paralysis (6)
Scrolls
 d - 5 scrolls of fear {unknown}
 g - 3 scrolls of magic mapping {unknown}
 j - a scroll of blinking {unknown}
 k - 6 scrolls of teleportation {unknown}
 m - 2 scrolls of summoning {unknown}
 q - a scroll of enchant weapon {unknown}
 r - 4 scrolls of identify {unknown}
 v - a scroll of vulnerability {unknown}
 w - a scroll of noise {unknown}
 z - a scroll of brand weapon {unknown}
 B - a scroll of poison {unknown}
 G - a scroll of fog {unknown}
Potions
 c - 3 potions of invisibility
 h - 2 potions of curing {unknown}
 l - a potion of resistance {unknown}
 n - a potion of flight {unknown}
 p - 2 potions of heal wounds {unknown}
 s - a potion of lignification {unknown}
 u - 2 potions of ambrosia {unknown}
 C - a potion of magic {unknown}
 E - 2 potions of haste {unknown}
 H - a potion of brilliance {unknown}


   Skills:
 + Level 3.5 Fighting
 + Level 4.4 Short Blades
 + Level 5.0 Dodging
 * Level 10.3 Stealth
 + Level 4.2 Spellcasting
 * Level 9.6 Hexes
 + Level 3.7 Ice Magic


You had 5 spell levels left.
You knew the following spells:

 Your Spells              Type           Power      Damage    Failure   Level
a - Ensorcelled Hibernat  Hex/Ice        68%        N/A       1%          2
b - Confusing Touch       Hex            47%        N/A       1%          3
c - Tukima's Dance        Hex            47%        N/A       1%          3
d - Frozen Ramparts       Ice            42%        1d6       7%          3

Your spell library contained the following spells:

 Spells                   Type           Power      Damage    Failure   Level
 Freeze                   Ice            84%        1d10      2%          1
 Dazzling Flash           Conj/Hex       50%        N/A       4%          3
 Hailstorm                Conj/Ice       13%        3d5       45%         4


Dungeon Overview and Level Annotations

Branches:
Dungeon (7/15)             Temple (1/1) D:5

Altars:
Ashenzari
Cheibriados
Dithmenos
Elyvilon
Fedhas
Gozag
Hepliaklqana
Kikubaaqudgha
Makhleb
Nemelex Xobeh
Okawaru
Qazlal
Ru
Sif Muna
Trog
Uskayaw
Vehumet
Wu Jian
Xom
Yredelemnul
Zin
The Shining One

Shops:
D:6 (


Innate Abilities, Weirdness & Mutations

You do not regenerate when monsters are visible.
You are frail without blood (-20% HP).
You can heal yourself when you bite living creatures.
You are immune to poison.
You have razor-sharp teeth.
You have supernaturally acute eyesight. (SInv)
You are afflicted with vampirism and can become a bat while bloodless.


Message History

The howler monkey hits you but does no damage.
You hit the howler monkey.
The howler monkey is heavily wounded.
You hit the howler monkey but do no damage.
Your bite misses the howler monkey.
The howler monkey is heavily wounded.
The wall freezes the howler monkey.
The howler monkey closely misses you.
You closely miss the howler monkey.
The howler monkey is severely wounded.
The wall freezes the howler monkey.
The howler monkey closely misses you.
You closely miss the howler monkey. You bite the howler monkey.
You draw the howler monkey's blood!
You feel better.
The howler monkey is almost dead.
The wall freezes the howler monkey.
You kill the howler monkey!
The Council accepts your kill.
Your Dodging skill increases to level 5!
The steam dragon breathes steam at you. The ball of steam hits you.
You closely miss the howler monkey.
You are engulfed in a cloud of scalding steam.
The howler monkey is engulfed in a cloud of scalding steam.
The wall freezes the howler monkey.
The howler monkey hits you.
You closely miss the howler monkey.
The howler monkey is heavily wounded.
You are engulfed in a cloud of scalding steam.
* * * LOW HITPOINT WARNING * * *
The howler monkey is engulfed in a cloud of scalding steam.
The howler monkey dies!
The wall freezes the steam dragon.
Casting: Ensorcelled Hibernation (safe; 1% risk of failure)
Confirm with . or Enter, or press ? or * to list all spells.
Your hands begin to glow red.
You are engulfed in a cloud of scalding steam.
* * * LOW HITPOINT WARNING * * *
The wall freezes the steam dragon.
The steam dragon bites you!
Your necklace shatters, unleashing a wave of protective dreams!
You dream of health, friendship, and clouds.
The steam dragon closely misses you.
Are you sure you want to abandon this character and quit the game? (Confirm with "yes".)

#### #.##.#######'##
##########.##.#..(# #.#
...........##.#.#.# #.##
#######.#####.#'#.###...
#.................
#.######....(..... #l#
#.......... #####
#n#######'########
##≈≈≈≈###@lD......#
##≈≈≈≈≈≈###D.#######
......≈≈h.§..#
......§§≈..§.#
...≈≈§§§§≈...#
..≈..≈≈§§≈...#
..≈..D.≈≈....#
...≈≈⌠.......# #########
....h≈≈......# #......).


You could see a steam dragon (ally target), a friendly steam dragon (summoned),
a friendly necrophage (summoned) and 2 friendly iguanas.

Vanquished Creatures
  Grinder (D:3)
  Menkaure (D:4)
  4 sky beasts
  An ogre (D:7)
  2 phantoms
  2 bullfrogs (D:7)
  A kobold brigand (D:6)
  A necrophage (D:5)
  3 scorpions
  3 killer bees (D:7)
  An electric eel (D:7)
  3 howler monkeys
  4 orc priests
  6 hounds
  2 jellies (D:7)
  Jessica (D:3)
  An iguana (D:4)
  3 orc wizards
  8 gnolls
  8 adders
  An ufetubus (D:4)
  3 worms
  4 dart slugs
  11 orcs
  8 ball pythons
  5 endoplasms
  A giant cockroach (D:2)
  3 goblins
  5 hobgoblins
  2 quokkas
  7 bats
  5 frilled lizards
  16 kobolds
  8 rats
135 creatures vanquished.

Vanquished Creatures (collateral kills)
  An orc warrior (D:6)
  An orc (D:6)
2 creatures vanquished.

Vanquished Creatures (others)
  A howler monkey (D:7)
1 creature vanquished.

Grand Total: 138 creatures vanquished

Notes
Turn   | Place    | Note
-------+----------+-------------------------------------------
     0 | D:1      | happo123 the Vampire Enchanter began the quest for the Orb.
     0 | D:1      | Reached XP level 1. HP: 13/13 MP: 3/3
    50 | D:1      | Found a faded altar of an unknown god.
   218 | D:1      | Reached XP level 2. HP: 13/19 MP: 5/5
   221 | D:1      | Learned a level 2 spell: Ensorcelled Hibernation
  1035 | D:2      | Reached skill level 5 in Stealth
  1203 | D:2      | Gained mutation: You are afflicted with vampirism and can
                  | become a bat while bloodless. [Vampire growth]
  1203 | D:2      | Reached XP level 3. HP: 20/20 MP: 3/6
  1207 | D:2      | Learned a level 3 spell: Confusing Touch
  1252 | D:2      | Reached skill level 5 in Hexes
  1894 | D:2      | Reached XP level 4. HP: 24/24 MP: 2/7
  2144 | D:3      | Noticed Grinder
  2176 | D:3      | Killed Grinder
  2177 | D:3      | Reached skill level 1 in Fighting
  2177 | D:3      | Reached skill level 6 in Stealth
  2177 | D:3      | Reached skill level 1 in Ice Magic
  2177 | D:3      | Reached XP level 5. HP: 24/29 MP: 3/9
  2177 | D:3      | Reached XP level 6. HP: 28/34 MP: 3/10
  2404 | D:3      | Noticed Jessica
  2409 | D:3      | Killed Jessica
  3201 | D:4      | Reached skill level 7 in Stealth
  3225 | D:4      | Noticed Menkaure
  3251 | D:4      | Killed Menkaure
  3252 | D:4      | Reached XP level 7. HP: 16/40 MP: 3/11
  3564 | D:5      | Entered Level 5 of the Dungeon
  3564 | D:5      | Found a staircase to the Ecumenical Temple.
  3586 | Temple   | Entered the Ecumenical Temple
  3589 | Temple   | Became a worshipper of the Wu Jian Council
  3955 | D:5      | Found the dreamshard necklace {*Dream Drain}
  4145 | D:5      | Learned a level 3 spell: Tukima's Dance
  4149 | D:5      | Learned a level 3 spell: Frozen Ramparts
  4445 | D:5      | Reached skill level 8 in Stealth
  4513 | D:5      | Paralysed by an orc wizard for 4 turns
  4892 | D:6      | Reached XP level 8. HP: 45/45 MP: 13/13
  5143 | D:6      | Found Esesamae's Antique Weapon Shop.
  5252 | D:6      | Found a shimmering altar of Xom.
  5434 | D:6      | Reached skill level 9 in Stealth
  5592 | D:6      | Reached * piety under Wu Jian
  6124 | D:7      | Reached XP level 9. HP: 51/51 MP: 13/15
  6247 | D:7      | Reached skill level 10 in Stealth
  6685 | D:7      | Reached skill level 5 in Dodging
  6689 | D:7      | Quit the game

Illustrated notes

Levels and vault maps discovered:
D:1:      ncdulo_lavacross, layout_basic, serial_rivers,
          chequers_serial_rivers_marsh, chequers_serial_rivers_micro_c,
          chequers_serial_rivers_large_a, chequers_serial_rivers_small_a,
          chequers_serial_rivers_micro_e, chequers_serial_rivers_room_b,
          ebering_ecumenical_altar_box, serial_bayou_ford_a
D:2:      layout_loops_ring, minmay_surrounded
D:3:      layout_loops_ring, item_on_display_b, uniq_jessica, uniq_grinder
D:4:      layout_rooms, uniq_menkaure
D:5:      layout_loops_corners, minmay_temple_entry_large_hall, minivault_27,
          chequers_decorated_corner
D:6:      layout_basic, mainiacjoe_overflow_cross_hatched, serial_shops,
          nicolae_take_the_stairs, hangedman_decor_growths
D:7:      cheibrodos_helix_gallery, layout_basic
Temple:   dpeg_three_leaves_temple

Skill      XL: |  1  2  3  4  5  6  7  8  9 |
---------------+----------------------------+-----
Stealth        | 5 6 7 8 9 10 | 10.3
Hexes          | 5 6 7 9 |  9.6
Fighting       | 1 2 3 |  3.5
Short Blades   | 2 3 4 |  4.4
Dodging        | 3 4 5 |  5.0
Ice Magic      | 1 2 3 |  3.7
Spellcasting   | 3 4 |  4.2

Action                   |  1- 3 |  4- 6 |  7- 9 || total
-------------------------+-------+-------+-------++-------
Melee: Dagger            |   101 |    59 |   137 ||   297
       Bite              |     7 |     7 |    15 ||    29
 Cast: Ensorcelled Hiber |    23 |    20 |    35 ||    78
       Confusing Touch   |       |     4 |     4 ||     8
       Frozen Ramparts   |       |       |     9 ||     9
       Tukima's Dance    |       |       |     1 ||     1
Invok: Lunge             |       |       |    33 ||    33
 Abil: Exsanguinate      |     1 |       |       ||     1
 Stab: Sleeping          |    22 |    23 |    47 ||    92
       Distracted        |     1 |       |     1 ||     2
       Confused          |       |     2 |     3 ||     5
Armor: Robe              |    28 |     7 |    24 ||    59
Dodge: Dodged            |    68 |    46 |    47 ||   161

Table legend: (Time is in decaauts)
 A = Elapsed time spent in this place.
 B = Non-inter-level travel time spent in this place.
 C = Inter-level travel time spent in this place.
 D = Time resting spent in this place.
 E = Time spent auto-exploring this place.
 F = Levels seen in this place.
 G = Mean time per level.
                   A        B        C        D        E       F      G
               +--------+--------+--------+--------+--------+-----+--------+
         Total |   6694 |   6240 |    454 |     58 |   5043 |   8 |  836.8 |
       Dungeon |   6611 |   6175 |    436 |     58 |   4988 |   7 |  944.4 |
        Temple |     82 |     64 |     18 |      0 |     55 |   1 |   82.0 |
               +--------+--------+--------+--------+--------+-----+--------+

Top non-repeatable levels by time:
     D:5: 1234 daAuts
     D:6: 1097 daAuts
     D:1: 1061 daAuts
     D:2: 1026 daAuts
     D:3: 804 daAuts
     D:4: 695 daAuts
     D:7: 693 daAuts
  Temple: 82 daAuts
